 Dungeon Crawl Stone Soup version 0.27.0-1-g7a089689b8 (webtiles) character file.

Game seed: 7996682754634908028

35 hawla the Sneak (level 3, -2/22 HPs)
             Began as a Deep Elf Delver on Aug 5, 2021.
             Killed from afar by a white imp (6 damage)
             ... with a puff of frost
             ... on level 5 of the Dungeon.
             The game lasted 00:01:43 (142 turns).

hawla the Sneak (Deep Elf Delver)                    Turns: 142, Time: 00:01:44

Health: -2/22      AC:  3    Str:  9    XL:     3   Next: 16%
Magic:  5/5        EV: 12    Int: 15    God:
Gold:   28         SH:  0    Dex: 16    Spells: 2/2 levels left

rFire    . . .     SeeInvis .   a - +0 short sword
rCold    . . .     Faith    .   (no shield)
rNeg     . . .     Spirit   .   b - +0 leather armour
rPois    .         Reflect  .   (no helmet)
rElec    .         Harm     .   (no cloak)
rCorr    .         Rampage  .   (no gloves)
Will     .....                  (no boots)
Stlth    +++.......             (no amulet)
HPRegen  0.07/turn              (no ring)
MPRegen  0.09/turn              (no ring)

@: hasted, very quick
A: no striking features
a: no special abilities


You were on level 5 of the Dungeon.
You visited 1 branch of the dungeon, and saw 1 of its levels.

You collected 28 gold pieces.

Inventory:

Hand Weapons
 a - a +0 short sword (weapon)
Armour
 b - a +0 leather armour (worn)
Wands
 g - a wand of digging (3)
Scrolls
 d - a scroll of magic mapping
 h - a scroll of summoning {unknown}


   Skills:
 + Level 2.6 Fighting
 + Level 2.1 Short Blades
 + Level 2.5 Dodging
 + Level 7.0 Stealth


You had 2 spell levels left.
You didn't know any spells.
Your spell library was empty.

Dungeon Overview and Level Annotations

Branches:
Dungeon (5/15)
 Temple: D:4-7

Altars:

Annotations:
D:5 1 transporter


Message History

The white imp gestures at you. The puff of frost hits you!
A bullfrog skeleton comes into view.
As you read the scroll of fear, it crumbles to dust.
You assume a fearsome visage.
The white imp is unaffected.
The scorpion looks frightened! x2
The white imp gestures at you. The puff of frost misses you.
A white imp is nearby!
A white imp is nearby!
The white imp gestures at you. The puff of frost misses you.
There is a stone staircase leading down here.
Throw: 3 javelins
Press: ? - help, Q - select action Shift-Dir - straight line, f - white imp
Aim: a white imp (60% to hit)
You throw a javelin.
The javelin pierces through the white imp.
The white imp is heavily wounded.
The white imp gestures at you. The puff of frost hits you!
Throw: 2 javelins
Press: ? - help, Q - select action Shift-Dir - straight line, f/p - white imp
Aim: a white imp (heavily wounded, 60% to hit)
You throw a javelin.
The javelin barely misses the white imp.
Throw: javelin
Press: ? - help, Q - select action Shift-Dir - straight line, f/p - white imp
Aim: a white imp (heavily wounded, 60% to hit)
You throw a javelin.
The javelin pierces through the white imp.
The white imp is heavily wounded.
You hit the white imp but do no damage.
The white imp is heavily wounded.
The white imp hits you. The white imp freezes you.
* * * LOW HITPOINT WARNING * * *
You feel yourself speed up. The white imp barely misses you.
The white imp gestures at you. The puff of frost hits you.
You die...

......#.# #.#
..#...#.# #.#
###.#.#.# #.#
......#.# #.#
..[.###.# #.#
....# #.# #.#
###.# #.# #.#
.#####5########
#.#
#.........@....#
#.#
##############....
#.# # #.# .#


You could see a white imp.

Vanquished Creatures
  An iguana (D:5)
  A shadow imp (D:5)
2 creatures vanquished.

Notes
Turn   | Place    | Note
-------+----------+-------------------------------------------
     0 | D:5      | hawla the Deep Elf Delver began the quest for the Orb.
     0 | D:5      | Reached XP level 1. HP: 13/13 MP: 3/3
    39 | D:5      | Noticed an iguana
    44 | D:5      | Killed an iguana
    45 | D:5      | Reached XP level 2. HP: 18/18 MP: 4/4
    81 | D:5      | Reached skill level 7 in Stealth
    81 | D:5      | Reached XP level 3. HP: 22/22 MP: 5/5
    82 | D:5      | Found a transporter.
    91 | D:5      | Noticed a scorpion
    92 | D:5      | Noticed a scorpion
   142 | D:5      | Killed from afar by a white imp

Illustrated notes

Levels and vault maps discovered:
D:5:      gammafunk_cloud_chamber, layout_basic, zin_scriptorium

Skill      XL: |  1  2 |
---------------+-------+-----
Stealth        | 7 |  7.0
Fighting       | |  2.6
Short Blades   | |  2.1
Dodging        | |  2.5

Action                   || total
-------------------------++-------
Melee: Short sword       ||     3
Throw: Javelin           ||     3
  Use: Scroll            ||     2
       Potion            ||     1
 Stab: Sleeping          ||     2
Dodge: Dodged            ||     3
